 Dungeon Crawl Stone Soup version 0.23.2-33-g5129a83184 (webtiles) character file.

Game seed: 5211608447529454897

32 lepoulpe303 the Grave Robber (level 3, 0/30 HPs)
             Began as a Deep Dwarf Necromancer on July 24, 2019.
             Slain by a gnoll
             ... wielding a +2 whip of draining
              (6 damage)
             ... on level 3 of the Dungeon.
             The game lasted 00:10:43 (2008 turns).

lepoulpe303 the Grave Robber (DDNe)                 Turns: 2008, Time: 00:10:44

Health: 0/30       AC:  4    Str: 11    XL:     3   Next: 10%
Magic:  2/6        EV: 12    Int: 16    God:
Gold:   37         SH:  0    Dex: 13    Spells: 1/6 levels left

rFire    . . .     SeeInvis .   b - -2 whip (curse)
rCold    . . .     Gourm    .   (no shield)
rNeg     . . .     Faith    .   a - +0 robe
rPois    .         Spirit   .   (no helmet)
rElec    .         Reflect  .   (no cloak)
rCorr    .         Harm     .   (no gloves)
MR       .....                  c - +1 pair of boots
Stlth    ++........             (no amulet)
HPRegen  0.00/turn              (no ring)
MPRegen  0.10/turn              (no ring)

@: non-regenerating, heavily drained
A: damage resistance, heal wounds, sense surroundings 1, no regeneration
a: Heal Wounds


You were on level 3 of the Dungeon.
You were hungry.

You visited 1 branch of the dungeon, and saw 4 of its levels.

You collected 37 gold pieces.

Inventory:

Hand Weapons
 b - a cursed -2 whip (weapon)
Missiles
 Q - 78 stones (quivered)
Armour
 a - a +0 robe (worn)
 c - a +1 pair of boots (worn)
Jewellery
 h - a +4 ring of strength {unknown}
 l - an uncursed ring of protection from cold {unknown}
Scrolls
 d - a scroll of magic mapping {!r}
 i - 2 scrolls of identify
Potions
 f - a potion of haste {unknown}
 q - 2 potions of curing
Comestibles
 e - 3 rations


   Skills:
 + Level 0.6(0.0) Fighting
 + Level 2.5(1.2) Dodging
 + Level 2.8(1.5) Stealth
 * Level 2.2(0.9) Spellcasting
 * Level 4.8(3.4) Necromancy


You had one spell level left.
You knew the following spells:

 Your Spells              Type           Power        Failure   Level  Hunger
a - Pain                  Necr           ##..         6%          1    ##.....
x - Vampiric Draining     Necr           ##........   17%         3    ####...
A - Animate Skeleton      Necr           N/A          6%          1    ##.....

Your spell library contained the following spells:

 Spells                   Type           Power        Failure   Level  Hunger
 Corona                   Hex            #......      24%         1    ##.....
 Ensorcelled Hibernation  Hex/Ice        #.....       34%         2    ###....
 Animate Dead             Necr           N/A          50%         4    #####..
 Confuse                  Hex            #.......     56%         3    ####...
 Dazzling Spray           Conj/Hex       #.....       56%         3    ####...
 Tukima's Dance           Hex            #.......     56%         3    ####...
 Regeneration             Chrm/Necr      Unusable     N/A         3    N/A

Dungeon Overview and Level Annotations

Branches:
Dungeon (4/15)
 Temple: D:4-7

Altars:
Dithmenos
Okawaru

Annotations:
D:4 Blork the orc


Innate Abilities, Weirdness & Mutations

You are resistant to damage.
You can heal yourself by infusing magical energy.
You passively map a small area around you.
You do not regenerate.


Message History

The gnoll hits you with a +2 whip of draining.
* * * LOW HITPOINT WARNING * * *
You feel drained.
* * * LOW HITPOINT WARNING * * *
You now have 3/6 mp.
Unknown command.
Aim: a gnoll, wielding a +2 whip of draining (heavily wounded)
You miscast Vampiric Draining.
You are very lightly contaminated with residual magic.
You smell decay.
* * * LOW MAGIC WARNING * * *
The gnoll hits you but does no damage.
You feel drained.
You now have 0/6 mp.
A dart slug comes into view.
Found an escape hatch in the ceiling.
Your magical contamination has completely faded away.
There is an escape hatch in the ceiling here.
The gnoll hits you with a +2 whip of draining!
You die...

,, , , , , ,
* *#####
#...# **
**#@#* ,
*#g# , , #.#
, #o# +* #.#
, * * #.# *
####.# ,
#....#######
* ,
#.###...o..#


You could see a gnoll and an orc.

Levels and vault maps discovered:
D:1:      psy_arrival_heroes, layout_basic, st_stairs_3, grunt_decor_fettered
D:2:      layout_basic, marbit_many_paths, minivault_25,
          minmay_fractal_squares_gapless_5, uniq_crazy_yiuf_cottage
D:3:      kennysheep_goblin_castle, layout_basic,
          nicolae_dithmenos_through_a_glass_darkly
D:4:      layout_basic, nicolae_ru_path_of_blood, serial_shops,
          nicolae_shop_stone, uniq_edmund, uniq_robin, uniq_blork_the_orc

Notes
Turn   | Place    | Note
-------+----------+-------------------------------------------
     0 | D:1      | lepoulpe303 the Deep Dwarf Necromancer began the quest for
                  | the Orb.
     0 | D:1      | Reached XP level 1. HP: 15/15 MP: 3/3
     6 | D:1      | Identified a cursed -2 whip (You found it on level 1 of the
                  | Dungeon)
   270 | D:1      | Identified a +0 dagger
   438 | D:1      | Identified 2 scrolls of identify
   438 | D:1      | Identified a scroll of magic mapping
   444 | D:1      | Reached XP level 2. HP: 24/24 MP: 2/4
   447 | D:1      | Learned a level 1 spell: Animate Skeleton
   535 | D:1      | Identified a +0 dagger
   537 | D:1      | Reached skill level 2 in Spellcasting
   600 | D:1      | Identified a +0 halberd
   835 | D:2      | Identified a +0 pair of boots (You found it on level 2 of
                  | the Dungeon)
   891 | D:2      | Identified a +0 club
   921 | D:2      | Identified a scroll of amnesia
   995 | D:2      | Identified a +0 club
  1034 | D:2      | Found an iron altar of Okawaru.
  1104 | D:2      | Identified a scroll of blinking
  1349 | D:2      | Reached XP level 3. HP: 18/30 MP: 2/6
  1354 | D:2      | Learned a level 3 spell: Vampiric Draining
  1873 | D:2      | Identified 2 potions of curing
  1874 | D:2      | Identified a scroll of enchant armour
  1875 | D:2      | Identified a scroll of random uselessness
  1964 | D:2      | You fall through a shaft for 2 floors!
  1964 | D:4      | Identified a +0 glaive
  1964 | D:4      | Identified a +2 robe
  1964 | D:4      | Noticed Blork the orc
  1964 | D:4      | Identified a +2 whip of draining
  1965 | D:4      | Identified a +0 whip
  1965 | D:4      | Identified a +0 whip
  1979 | D:3      | Found a shadowy altar of Dithmenos.
  1979 | D:3      | Identified a +0 flail
  1982 | D:3      | HP: 6/30 [gnoll/+2 whip of draining (4)]
  2008 | D:3      | Slain by a gnoll

Table legend:
 A = Turns spent in this place as a percentage of turns spent in the entire game.
 B = Non-inter-level travel turns spent in this place as a percentage of non-inter-level travel turns spent in the entire game.
 C = Inter-level travel turns spent in this place as a percentage of turns spent in this place.
 D = Turns resting spent in this place as a percentage of non-inter-level travel turns spent in this place.
 E = Turns spent auto-exploring this place as a percentage of non-inter-level travel turns spent in this place.
 F = Non-inter-level travel turns spent in this place divided by the number of levels of this place that you've seen.
                   A       B       C       D       E      F
               +-------+-------+-------+-------+-------+----------------------
         Total | 100.0 | 100.0 |   1.1 |  25.2 |  35.6 | 496.5
       Dungeon | 100.0 | 100.0 |   1.1 |  25.2 |  35.6 | 496.5
               +-------+-------+-------+-------+-------+----------------------

Table legend:
 A = Kills in this place as a percentage of kills in entire the game.
 B = Kills by you in this place as a percentage of kills by you in the entire game.
 C = Kills by friends in this place as a percentage of kills by friends in the entire game.
 D = Other kills in this place as a percentage of other kills in the entire game.
 E = Experience gained in this place as a percentage of experience gained in the entire game.
 F = Experience gained in this place divided by the number of levels of this place that you have seen.
                   A       B       C       D       E      F
               +-------+-------+-------+-------+-------+----------------------
         Total | 100.0 | 100.0 |   N/A |   N/A | 100.0 |  11.8
       Dungeon | 100.0 | 100.0 |   N/A |   N/A | 100.0 |  11.8
               +-------+-------+-------+-------+-------+----------------------

Skill      XL: |  1  2 |
---------------+-------+-----
Spellcasting   | 2 |  2.2
Fighting       | |  0.6
Dodging        | |  2.5
Stealth        | |  2.8
Necromancy     | |  4.8

Action                   || total
-------------------------++-------
Melee: Whip              ||     8
 Cast: Pain              ||    48
       Animate Skeleton  ||     9
       Vampiric Draining ||    12
  Use: Scroll            ||     6
 Stab: Sleeping          ||     1
  Eat: Chunk             ||     5
Armor: Robe              ||    11
Dodge: Dodged            ||    17

Vanquished Creatures
  A dart slug (D:1)
  A leopard gecko (D:1)
  2 ball pythons (D:2)
  A giant cockroach (D:2)
  5 hobgoblins
  7 bats
  2 frilled lizards
  4 goblins (D:1)
  A kobold (D:1)
  6 rats
30 creatures vanquished.
